 Dungeon Crawl Stone Soup version 0.22-a0-369-gc73351f (webtiles) character file.

131 JeffiDaFish the Firebug (level 4, 0/29 HPs)
             Began as a Draconian Fire Elementalist on Apr 24, 2018.
             Slain by an orc wizard
             ... wielding a +0 dagger
              (1 damage)
             ... on level 4 of the Dungeon.
             The game lasted 00:07:22 (3445 turns).

JeffiDaFish the Firebug (DrFE)                      Turns: 3445, Time: 00:07:23

Health: 0/29       AC:  5    Str: 10    XL:     4   Next: 91%
Magic:  2/8        EV: 12    Int: 16    God:
Gold:   179        SH:  0    Dex: 12    Spells: 7/8 levels left

rFire    . . .     SeeInvis .   c - +0 dagger
rCold    + . .     Gourm    .   (no shield)
rNeg     . . .     Faith    .   (armour unavailable)
rPois    .         Spirit   .   (helmet restricted)
rElec    .         Reflect  .   (no cloak)
rCorr    .         Harm     .   (no gloves)
MR       .....                  (no boots)
Stlth    ++........             (no amulet)
HPRegen  0.09/turn              d - ring of wizardry
MPRegen  0.11/turn              e - +6 ring of slaying

@: slowed, very slow
A: unfitting armour, cold resistance 1, frail 1, cold-blooded, AC +5
a: no special abilities


You were on level 4 of the Dungeon.
You were not hungry.

You visited 1 branch of the dungeon, and saw 4 of its levels.

You collected 179 gold pieces.

Inventory:

Hand Weapons
 c - a +0 dagger (weapon)
Jewellery
 d - a ring of wizardry (left hand)
 e - a +6 ring of slaying (right hand)
Scrolls
 a - a scroll of identify
Comestibles
 b - 5 rations


   Skills:
 - Level 2.0 Dodging
 - Level 1.7 Stealth
 + Level 2.9 Spellcasting
 * Level 3.3 Conjurations
 + Level 3.7 Fire Magic


You had 7 spell levels left.
You knew the following spells:

 Your Spells              Type           Power        Failure   Level  Hunger
a - Flame Tongue          Conj/Fire      ##...        1%          1    #......


Dungeon Overview and Level Annotations

Branches:
Dungeon (4/15)
 Temple: D:4-7

Altars:
Nemelex Xobeh
Okawaru
Wu Jian


Innate Abilities, Weirdness & Mutations

Your plain brown scales are hard. (AC +5)
You cannot fit into any form of body armour.
You are cold-blooded and may be slowed by cold attacks.
Your flesh is cold resistant. (rC+)
You are frail. (-10% HP)


Message History

Confirm with . or Enter, or press ? or * to list all spells.
Aiming: Flame Tongue (safe; 1% risk of failure)
Press: ? - help, Shift-Dir - straight line, f/p - orc wizard
Aim: an orc wizard, wielding a dagger and wearing a robe (almost dead, fast)
The flame tongue hits the orc wizard.
The orc wizard is moderately wounded.
The orc wizard hits you with a dagger.
* * * LOW HITPOINT WARNING * * *
The orc wizard begins to cast a cantrip, but forgets the words!
The orc wizard casts a spell.
The orc wizard blinks!
Casting: Flame Tongue (safe; 1% risk of failure)
Confirm with . or Enter, or press ? or * to list all spells.
Aiming: Flame Tongue (safe; 1% risk of failure)
Press: ? - help, Shift-Dir - straight line, f - orc wizard
Aim: an orc wizard, wielding a dagger and wearing a robe (moderately wounded, fast)
The flame tongue hits the orc wizard.
The orc wizard is almost dead.
The orc wizard hits you with a dagger.
You die...

#.....#.# .
#.....#.##o.
###.....#.....
#...........#.
#.o<...oo.....
#o..o...###.
#o#.....#
#o#..o..###.##oo
#@#.....[)..o.o.
#.####.......o..
#.# ##.....##.#
#.# ####.....
#.# ...## #.#
...# #.. ..# ###
#..


You could see an orc wizard and 3 orcs.

Vanquished Creatures
  Natasha (thrice) (D:3)
  An adder (D:3)
  A worm (D:3)
  2 dart slugs
  An orc (D:4)
  A giant cockroach (D:3)
  8 goblins
  3 hobgoblins
  6 kobolds
  A quokka (D:2)
  A ball python (D:3)
  5 bats
  A frilled lizard (D:2)
  9 rats
43 creatures vanquished.

Notes
Turn   | Place    | Note
-------+----------+-------------------------------------------
     0 | D:1      | JeffiDaFish the Draconian Fire Elementalist began the quest for the Orb.
     0 | D:1      | Reached XP level 1. HP: 14/14 MP: 3/3
   439 | D:1      | Reached XP level 2. HP: 19/20 MP: 1/5
   697 | D:1      | Gained mutation: You are frail. (-10% HP) [potion of mutation]
   697 | D:1      | Gained mutation: Your flesh is cold resistant. (rC+) [potion of mutation]
  1375 | D:2      | Found an iron altar of Okawaru.
  1674 | D:2      | Found a sparkling altar of Nemelex Xobeh.
  1685 | D:2      | Reached XP level 3. HP: 19/23 MP: 6/6
  2384 | D:3      | Found an ornate altar of the Wu Jian Council.
  2388 | D:3      | Noticed Natasha
  2404 | D:3      | Killed Natasha
  2404 | D:3      | Reached XP level 4. HP: 6/29 MP: 3/7
  2786 | D:3      | Noticed Natasha
  2793 | D:3      | Killed Natasha
  2958 | D:3      | Noticed Natasha
  2969 | D:3      | Killed Natasha
  3444 | D:4      | HP: 1/29 [orc wizard/dagger (2)]
  3445 | D:4      | Slain by an orc wizard

Vault maps used:
D:1:      dpeg_arrival_chambers_temple_mockup, minmay_hexomino_f4
D:2:      okawaru_gym_becter, nicolae_overflow_crystal_walls
D:3:      old_standard_altar, uniq_natasha, uniq_crazy_yiuf_cottage
D:4:      first_ration, uniq_robin

Skill      XL: |  1  2  3  4 |
---------------+-------------+-----
Dodging        | 2 |  2.0
Conjurations   | 2 3 |  3.3
Stealth        | |  1.7
Spellcasting   | |  2.9
Fire Magic     | |  3.7

Action                   |  1- 3 |  4- 6 || total
-------------------------+-------+-------++-------
Melee: Unarmed           |    17 |       ||    17
       Tailslap          |     3 |     1 ||     4
       Dagger            |    69 |    13 ||    82
 Cast: Flame Tongue      |    35 |    22 ||    57
  Use: Scroll            |     4 |     1 ||     5
       Potion            |     5 |     1 ||     6
 Stab: Sleeping          |     2 |       ||     2
  Eat: Chunk             |     5 |     3 ||     8
Armor: Skin              |    26 |    10 ||    36
Dodge: Dodged            |    56 |    16 ||    72

Table legend:
 A = Spawn XP
 B = Non-spawn XP
 C = Spawn XP percentage of total XP
 D = Spawn monster count
 E = Non-spawn monster count
 F = Spawn count percentage of total count
 G = Total turns spent on level
                    A         B        C        D         E        F      G
               +---------+---------+-------+---------+---------+-------+---------
         Total |       0 |     188 |   0.0 |       0 |      43 |   0.0 |  3445
               +---------+---------+-------+---------+---------+-------+---------
           D:1 |       0 |      29 |   0.0 |       0 |      17 |   0.0 |  1352
           D:2 |       0 |      16 |   0.0 |       0 |      10 |   0.0 |   763
           D:3 |       0 |     140 |   0.0 |       0 |      15 |   0.0 |  1292
           D:4 |       0 |       3 |   0.0 |       0 |       1 |   0.0 |    38
               +---------+---------+-------+---------+---------+-------+---------
